 Dungeon Crawl Stone Soup version 0.22.0-49-gab54619 (webtiles) character file.

93 Anon1729 the Chopper (level 4, -7/42 HPs)
             Began as a Naga Gladiator on Sept 8, 2018.
             Mangled by Grinder (9 damage)
             ... on level 3 of the Dungeon.
             The game lasted 00:02:29 (2361 turns).

Anon1729 the Chopper (Naga Gladiator)               Turns: 2361, Time: 00:02:31

Health: -7/42      AC:  3    Str: 14 (16) XL:     4   Next: 62%
Magic:  4/4        EV:  7    Int: 13 (14) God:
Gold:   163        SH:  6    Dex: 10 (13) Spells: 3/3 levels left

rFire    . . .     SeeInvis +   a - +0 war axe
rCold    . . .     Gourm    .   p - +0 shield (curse)
rNeg     . . .     Faith    .   b - +0 leather armour
rPois    +         Spirit   .   c - +0 helmet
rElec    .         Reflect  .   (no cloak)
rCorr    .         Harm     .   (no gloves)
MR       .....                  (no barding)
Stlth    +.........             (no amulet)
HPRegen  0.14/turn              (no ring)
MPRegen  0.09/turn              (no ring)

@: brilliant, very slow
A: large, see invisible, deformed body, poison resistance, slowness 2, slow
metabolism 1, spit poison 1, AC +1
a: Spit Poison


You were on level 3 of the Dungeon.
You were not hungry.

You visited 1 branch of the dungeon, and saw 3 of its levels.

You collected 163 gold pieces.

Inventory:

Hand Weapons
 a - a +0 war axe (weapon)
Missiles
 d - 3 throwing nets (quivered)
Armour
 b - a +0 leather armour (worn)
 c - a +0 helmet (worn)
 p - a cursed +0 shield (worn)
Scrolls
 e - a scroll of magic mapping {unknown}
 g - a scroll of enchant armour {unknown}
 h - 3 scrolls of teleportation {unknown}
 i - 2 scrolls of noise {unknown}
 j - a scroll of random uselessness {unknown}
 l - a scroll of fear {unknown}
 n - 2 scrolls of remove curse {unknown}
 o - a scroll of amnesia {unknown}
 r - a scroll of identify {unknown}
Comestibles
 f - 4 rations
 k - 8 chunks of flesh


   Skills:
 * Level 3.2 Fighting
 * Level 3.8 Axes
 - Level 2.0 Throwing
 + Level 0.9 Armour
 + Level 2.7 Dodging


You had 3 spell levels left.
You didn't know any spells.
Your spell library was empty.

Dungeon Overview and Level Annotations

Branches:
Dungeon (3/15)

Altars:
Okawaru
Ru

Annotations:
D:3 Grinder


Innate Abilities, Weirdness & Mutations

You cannot wear boots.
Your serpentine skin is tough. (AC +1)
You have supernaturally acute eyesight. (SInv)
Armour fits poorly on your strangely shaped body.
Your system is resistant to poisons. (rPois)
You cover ground very slowly.
You have a slow metabolism.
You can spit poison.


Message History

Grinder gestures at you. Pain shoots through your body!
You aren't carrying any items that you can evoke.
It was a potion of degeneration.
There was something very wrong with that liquid.
You feel weakened.
You feel dopey.
You feel clumsy. Grinder hits you.
You writhe in agony.
* * * LOW HITPOINT WARNING * * *
It was a potion of brilliance.
You feel clever all of a sudden. Grinder gestures at you.
You resist with significant effort.
You hit Grinder but do no damage.
Grinder is lightly wounded.
Grinder hits you.
* * * LOW HITPOINT WARNING * * *
You writhe in agony.
* * * LOW HITPOINT WARNING * * *
Grinder hits you!
You die...

#######.# .. ........##
#. # .........# #..##
.........# #.#.
.........# .# ##.[.
.........# .# .[.##....
.......).##.##..........
..........#..#..........
#......@................
#......5##.#............
#.......................
#.......................
#.#####.....#...........
# #...#........#.##.
###...รท)[....#.###
###..().......#
#.....(.......##


You could see Grinder.

Vanquished Creatures
  An adder (D:2)
  An ooze (D:3)
  A worm (D:3)
  2 dart slugs
  2 leopard geckos (D:1)
  An orc (D:3)
  2 ball pythons (D:3)
  2 giant cockroaches (D:3)
  13 goblins
  9 hobgoblins
  4 jackals (D:1)
  2 quokkas (D:3)
  4 bats
  4 frilled lizards (D:1)
  11 kobolds
  6 rats
65 creatures vanquished.

Notes
Turn   | Place    | Note
-------+----------+-------------------------------------------
     0 | D:1      | Anon1729 the Naga Gladiator began the quest for the Orb.
     0 | D:1      | Reached XP level 1. HP: 19/19 MP: 1/1
   258 | D:1      | Reached XP level 2. HP: 23/26 MP: 2/2
   652 | D:1      | Reached XP level 3. HP: 7/33 MP: 3/3
  1569 | D:2      | Reached XP level 4. HP: 14/40 MP: 4/4
  1843 | D:2      | Found an iron altar of Okawaru.
  1843 | D:2      | Found a sacrificial altar of Ru.
  2351 | D:3      | Noticed Grinder
  2361 | D:3      | HP: 2/42 [Grinder (4)]
  2361 | D:3      | Mangled by Grinder

Skill      XL: |  1  2  3  4 |
---------------+-------------+-----
Throwing       | 2 |  2.0
Fighting       | 3 |  3.2
Axes           | |  3.8
Armour         | |  0.9
Dodging        | |  2.7

Action                   |  1- 3 |  4- 6 || total
-------------------------+-------+-------++-------
Melee: War axe           |   117 |    62 ||   179
  Use: Potion            |     1 |     2 ||     3
 Stab: Sleeping          |     1 |       ||     1
       Distracted        |       |     1 ||     1
  Eat: Chunk             |     1 |     3 ||     4
Armor: Leather armour    |    35 |    16 ||    51
Dodge: Dodged            |    81 |    28 ||   109
Block: Shield            |       |    22 ||    22
